 Dungeon Crawl Stone Soup version 0.30-a0-743-gbfdf073431 (webtiles) character file.

Game seed: 6115469324361390868

46 M4edhros the Sneak (level 3, -3/26 HPs)
             Began as an Octopode Delver on Feb 6, 2023.
             Slain by a bullfrog (8 damage)
             ... on level 7 of the Dungeon.
             The game lasted 00:01:49 (213 turns).

M4edhros the Sneak (Octopode Delver)                 Turns: 213, Time: 00:01:49

Health: -3/26      AC:  1    Str: 17    XL:     3   Next: 66%
Magic:  3/3        EV: 13    Int: 12    God:
Gold:   12         SH:  0    Dex: 15    Spells: 2/2 levels left

rFire   . . .      SeeInvis .      - Unarmed
rCold   . . .      Faith    .    (no shield)
rNeg    . . .      Spirit   .    (helmet restricted)
rPois   .          Reflect  .    (no amulet)
rElec   .          Harm     .    f - +6 ring of strength
rCorr   .          Rampage  .    d - +4 ring of slaying
Will    .....                    (no ring)
Stlth   ++++                     (no ring)
HPRegen 0.24/turn                (no ring)
MPRegen 0.08/turn                (no ring)
                                 (no ring)
                                 (no ring)

@: no status effects
A: almost no armour, amphibious, 8 rings, camouflage 1, gelatinous body 1,
(nimble swimmer 1), tentacles
a: no special abilities


You were on level 7 of the Dungeon.
You visited 1 branch of the dungeon, and saw 4 of its levels.

You collected 12 gold pieces.

Inventory:

Jewellery
 d - a +4 ring of slaying (right tentacle)
 f - a +6 ring of strength (left tentacle)
Wands
 e - a wand of digging (3)
Scrolls
 a - a scroll of fog
 b - a scroll of magic mapping


   Skills:
 - Level 3.0 Fighting
 - Level 2.0 Dodging
 - Level 6.6 Stealth
 + Level 3.9 Unarmed Combat


You had 2 spell levels left.
You didn't know any spells.
Your spell library was empty.

Dungeon Overview and Level Annotations

Branches:
Dungeon (7/15)
 Temple: D:4-7

Altars:

Annotations:
D:5 3 runed translucent doors, Bnni's ghost, novice FoFi


Innate Abilities, Weirdness & Mutations

You cannot wear most types of armour.
You are amphibious.
You can wear up to eight rings at the same time.
Your skin changes colour to match your surroundings (Stealth+).
Your rubbery body absorbs attacks. (AC +1, EV +1)
((You are camouflaged when in or above water. (Stealth+)))
You have tentacles for arms and can constrict up to eight enemies at once.


Message History

Found an escape hatch in the floor.
A white imp comes into view.
The white imp gestures at you. The puff of frost hits you!
There is a stone staircase leading down here.
You climb downwards.
The bullfrog gives a loud, deep croak!
There is a stone staircase leading up here.
You aren't carrying any potions.
Okay, then.
Blink to where?
Press: ? - help, Dir - move target A bullfrog comes into view.
As you read the scroll labelled SOZOWA SUWK, it crumbles to dust.
It was a scroll of blinking.
The bullfrog gives a loud, deep croak!
The bullfrog hits you.
You closely miss the bullfrog. You grab the bullfrog.
You constrict the bullfrog. The bullfrog hits you.
* * * LOW HITPOINT WARNING * * *
As you read the scroll of fear, it crumbles to dust.
You assume a fearsome visage.
The bullfrog looks frightened! x2
You constrict the bullfrog.
The bullfrog struggles to escape constriction.
The bullfrog escapes!
Cornered, the bullfrog turns to fight!
As you read the scroll labelled EZXOEPPOZE, it crumbles to dust.
It is a scroll of brand weapon.
You aren't carrying any weapons that can be branded.
The bullfrog closely misses you.
You tentacle-slap the bullfrog. You grab the bullfrog.
You squeeze the bullfrog.
The bullfrog is heavily wounded.
You constrict the bullfrog. The bullfrog hits you.
* * * LOW HITPOINT WARNING * * *
You tentacle-slap the bullfrog.
The bullfrog is severely wounded.
You constrict the bullfrog. The bullfrog closely misses you.
The bullfrog hits you!
You die...

#.....###
#.....#
###.#.#
#.#.#####...
#.#....F....
##.#########+
#..# #F##
#.@# #......#
..........+
####......##
###.#.##
###.# .# .#


You could see a bullfrog.

Vanquished Creatures
  5 adders (D:6)
5 creatures vanquished.

Notes
Turn   | Place    | Note
-------+----------+-------------------------------------------
     0 | D:5      | M4edhros the Octopode Delver began the quest for the Orb.
     0 | D:5      | Reached XP level 1. HP: 16/16 MP: 1/1
    41 | D:5      | Found a runed translucent gate.
    41 | D:5      | Noticed an orc priest
    42 | D:5      | Found a runed translucent gate.
    42 | D:5      | Identified the +1 sling of Death {speed, rCorr Dex+4}
    42 | D:5      | Identified the +8 scale mail of the Camelopard {rN+ Str+3}
    43 | D:5      | Found a runed translucent gate.
    46 | D:5      | Noticed Bnni's ghost (novice FoFi)
   105 | D:6      | Reached XP level 2. HP: 21/21 MP: 2/2
   110 | D:6      | Reached XP level 3. HP: 19/26 MP: 3/3
   112 | D:6      | Noticed a sky beast
   196 | D:7      | Noticed a bullfrog
   198 | D:7      | Noticed a bullfrog
   213 | D:7      | Slain by a bullfrog

Illustrated notes

Levels and vault maps discovered:
D:4:      layout_basic, grunt_temple_overflow_magic_moments, lemuel_tele_altar,
          overflow_temple_1_default, minmay_temple_entry_nine_rooms,
          uniq_blork_the_orc
D:5:      layout_loops_ring, nicolae_tso_besieged_by_evil,
          nemelex_diamond_rough_becter, zin_angel, serial_shops, shop,
          biasface_ghost_orc_armoury, uniq_duvessa
D:6:      layout_rooms, nicolae_half_adder
D:7:      layout_loops_corners, kennysheep_mini

Skill      XL: |  1  2 |
---------------+-------+-----
Unarmed Combat | 3 |  3.9
Fighting       | |  3.0
Dodging        | |  2.0
Stealth        | |  6.6

Action                     || total
---------------------------++-------
  Melee: Unarmed           ||    18
         Tentacles         ||     6
         Constrict         ||     6
    Use: Potion            ||     1
         Scroll            ||     3
  Dodge: Dodged            ||     7

Table legend: (Time is in decaauts)
 A = Elapsed time spent in this place.
 B = Non-inter-level travel time spent in this place.
 C = Inter-level travel time spent in this place.
 D = Time resting spent in this place.
 E = Time spent auto-exploring this place.
 F = Levels seen in this place.
 G = Mean time per level.
                   A        B        C        D        E       F      G
               +--------+--------+--------+--------+--------+-----+--------+
         Total |    194 |    190 |      4 |      0 |      0 |   4 |   48.5 |
       Dungeon |    194 |    190 |      4 |      0 |      0 |   4 |   48.5 |
               +--------+--------+--------+--------+--------+-----+--------+

Top non-repeatable levels by time:
     D:6: 104 daAuts
     D:5: 64 daAuts
     D:7: 16 daAuts
     D:4: 9 daAuts
